 Dungeon Crawl Stone Soup version 0.27-a0-988-g25969acef8 (webtiles) character file.

Game seed: 15157455525895895069

35 robertstho the Skirmisher (level 3, -9/34 HPs)
             Began as a Minotaur Berserker on Apr 15, 2021.
             Was a Follower of Trog.
             Killed by divine providence
             ... invoked by an orc priest
              (13 damage)
             ... on level 2 of the Dungeon.
             The game lasted 00:00:58 (687 turns).

robertstho the Skirmisher (Minotaur Berserker)       Turns: 687, Time: 00:00:58

Health: -9/34      AC: 10    Str: 21    XL:     3   Next: 17%
Magic:  2/2        EV:  8    Int:  5    God:    Trog [*.....]
Gold:   15         SH:  0    Dex:  9    Spells: 2/2 levels left

rFire    + . .     SeeInvis .   a - +0 hand axe
rCold    + . .     Faith    .   (no shield)
rNeg     . . .     Spirit   .   g - +0 chain mail
rPois    +         Reflect  .   (helmet restricted)
rElec    +         Harm     .   (no cloak)
rCorr    +         Rampage  .   b - +0 pair of gloves
Will     .....                  (no boots)
Stlth    ..........             (no amulet)
HPRegen  0.11/turn              (no ring)
MPRegen  0.08/turn              (no ring)

@: resistant
A: horns 2, retaliatory headbutt
a: Renounce Religion, Berserk


You were on level 2 of the Dungeon.
You worshipped Trog.
Trog was aware of your devotion.
You visited 1 branch of the dungeon, and saw 2 of its levels.

You collected 15 gold pieces.

Inventory:

Hand Weapons
 a - a +0 hand axe (weapon)
Armour
 b - a +0 pair of gloves (worn)
 g - a +0 chain mail (worn)
Scrolls
 c - a scroll of teleportation {unknown}
 d - a scroll of silence {unknown}
 f - 2 scrolls of magic mapping {unknown}
 i - 2 scrolls of identify {unknown}
 j - a scroll of acquirement {unknown}
Potions
 h - a potion of brilliance {unknown}


   Skills:
 * Level 4.4 Fighting
 + Level 4.4 Axes
 + Level 2.6 Armour
 + Level 2.2 Dodging


You had 2 spell levels left.
You didn't know any spells.
Your spell library was empty.

Dungeon Overview and Level Annotations

Branches:
Dungeon (2/15)

Altars:


Innate Abilities, Weirdness & Mutations

You have a pair of horns on your head.
You reflexively headbutt those who attack you in melee.


Message History

Trog accepts your kill.
You have reached level 3!
Your experience leads to an increase in your attributes!
Increase (S)trength, (I)ntelligence, or (D)exterity?
You feel clever.
You barely miss the rat. The rat bites you but does no damage.
You closely miss the rat. You headbutt the rat.
You kill the rat!
Trog accepts your kill.
No target in view!
No target in view!
Found 28 stones.
Found an escape hatch in the ceiling.
An orc comes into view. It is wielding a +0 flail.
The orc shouts!
You hear a shout!
An orc priest comes into view. It is wielding a +1 dagger of venom.
An orc comes into view.
It is wielding a +1 short sword of protection and wearing a +2 leather armour of fire resistance.
There are monsters nearby!
There are monsters nearby!
There are monsters nearby!
There are monsters nearby!
The orc shouts!
You hear a bark!
A jackal comes into view.
An orc priest comes into view. It is wielding a +0 hand axe.
The jackal moves out of view.
You see here a scroll labelled GANOCSA VUCK.
j - a scroll labelled GANOCSA VUCK The orc priest shouts!
A jackal comes into view.
The orc priest invokes the aid of Beogh against you.
Beogh smites you!
The orc priest invokes the aid of Beogh against you.
Beogh smites you!
* * * LOW HITPOINT WARNING * * *
It was a potion of resistance.
You feel protected. The orc hits you but does no damage.
The orc priest mumbles some strange prayers to Beogh against you.
Beogh smites you!
You die...

##..........
.###...........
.........o.....
...............
...#.....<.h...
.........o....(.
#....oo.h..... #
#..@........
#.##.........
#..#.....[.## ....
#.........###.
....##.......>.....
.......##..†..##
..........#### #
###......##..###
##.#.....#..###...#


You could see 2 orc priests, 2 orcs and 2 jackals.

Vanquished Creatures
  An adder (D:2)
  2 dart slugs (D:1)
  A bat (D:1)
  2 endoplasms
  A giant cockroach (D:1)
  A goblin (D:1)
  2 hobgoblins (D:1)
  4 kobolds (D:1)
  A quokka (D:1)
  3 ball pythons
  A frilled lizard (D:2)
  4 rats
23 creatures vanquished.

Notes
Turn   | Place    | Note
-------+----------+-------------------------------------------
     0 | D:1      | robertstho the Minotaur Berserker began the quest for the
                  | Orb.
     0 | D:1      | Reached XP level 1. HP: 19/19 MP: 0/0
   173 | D:1      | Reached XP level 2. HP: 27/27 MP: 1/1
   678 | D:2      | Reached XP level 3. HP: 34/34 MP: 2/2
   687 | D:2      | Killed from afar by an orc priest

Illustrated notes

Levels and vault maps discovered:
D:1:      wander_arrival_estate, layout_basic
D:2:      minmay_roachtagon, layout_rooms,
          hellmonk_ecumenical_altar_pennies_from_heaven

Skill      XL: |  1  2 |
---------------+-------+-----
Fighting       | 4 |  4.4
Axes           | 4 |  4.4
Armour         | |  2.6
Dodging        | |  2.2

Action                   || total
-------------------------++-------
Melee: Hand axe          ||    41
       Headbutt          ||     6
  Use: Potion            ||     1
Armor: Animal skin       ||     4
       Chain mail        ||    11
Dodge: Dodged            ||    20

Table legend: (Time is in decaauts)
 A = Elapsed time spent in this place.
 B = Non-inter-level travel time spent in this place.
 C = Inter-level travel time spent in this place.
 D = Time resting spent in this place.
 E = Time spent auto-exploring this place.
 F = Levels seen in this place.
 G = Mean time per level.
                   A        B        C        D        E       F      G
               +--------+--------+--------+--------+--------+-----+--------+
         Total |    690 |    688 |      2 |      0 |    540 |   2 |  345.0 |
       Dungeon |    690 |    688 |      2 |      0 |    540 |   2 |  345.0 |
               +--------+--------+--------+--------+--------+-----+--------+

Top non-repeatable levels by time:
     D:1: 620 daAuts
     D:2: 70 daAuts
